 Dungeon Crawl Stone Soup version 0.19-a0-1490-g5dd3618 (webtiles) character file.

1393 Gruud the Carver (level 8, -3/56 HPs)
             Began as a Demonspawn Gladiator on Sept 8, 2016.
             Killed from afar by an orc wizard (9 damage)
             ... with a puff of frost
             ... on level 5 of the Dungeon.
             The game lasted 00:13:54 (4984 turns).

Gruud the Carver (Demonspawn Gladiator)             Turns: 4984, Time: 00:13:54

Health: -3/56      AC: 10    Str: 17    XL:     8   Next: 41%
Magic:  8/8        EV: 12    Int: 17    God:
Gold:   34         SH:  0    Dex: 13    Spells: 0 memorised, 7 levels left

rFire  + . .     SeeInvis .     a - +0 long sword
rCold  . . .     Gourm    .     x - +5 leather armour of Ryiren {Int+6}
rNeg   + . .     Faith    .     (no shield)
rPois  .         Spirit   .     (helmet restricted)
rElec  .         Dismiss  .     (no cloak)
rCorr  .         Reflect  .     (no gloves)
MR     .....     Harm     .     (no boots)
Stlth  +.........               (no amulet)
                                (no ring)
                                o - ring of positive energy

@: lethally poisoned (-3 -> -4)
A: antennae 2, icy blue scales 1, fire resistance 1, spiny 1, flame cloud
immunity
a: no special abilities


You were on level 5 of the Dungeon.
You were hungry.

You visited 1 branch of the dungeon, and saw 5 of its levels.

You collected 209 gold pieces.
You spent 175 gold pieces at shops.

Inventory:

Hand Weapons
 a - a +0 long sword (weapon)
 b - a +0 blowgun
Missiles
 d - 3 throwing nets (quivered)
 e - 7 poisoned needles
Armour
 i - a +0 plate armour
 l - a +0 chain mail
 x - the +5 leather armour of Ryiren (worn) {Int+6}
   (You bought it in a shop on level 4 of the Dungeon)

   It affects your intelligence (+6).
 z - a +0 shield
Jewellery
 o - a ring of positive energy (left hand)
Wands
 A - a wand of digging (13/24)
Scrolls
 h - a scroll of teleportation {unknown}
 m - a scroll of noise {unknown}
 n - a scroll of amnesia {unknown}
 p - a scroll of fear {unknown}
 s - 2 scrolls of enchant armour {unknown}
 t - a scroll of magic mapping {unknown}
 u - a scroll of blinking {unknown}
 v - 3 scrolls of remove curse
Potions
 g - 2 potions of berserk rage
 j - 5 potions of curing
 k - a potion of haste
 B - 2 potions of lignification
Comestibles
 c - a meat ration
 f - 5 bread rations
 q - a beef jerky
 r - a slice of pizza


   Skills:
 - Level 2.0 Fighting
 * Level 9.9 Long Blades
 - Level 1.7 Throwing
 - Level 2.6 Dodging


You had 7 spell levels left.
You didn't know any spells.

Dungeon Overview and Level Annotations

Branches:
Dungeon (5/15)
 Temple: D:4-7

Altars:
Ashenzari
Fedhas
Kikubaaqudgha
Ru
Vehumet
The Shining One

Shops:
D:4 *

Annotations:
D:5 1 runed door, exclusion: door


Innate Abilities, Weirdness & Mutations

You have a pair of antennae on your head.
You are partially covered in icy blue scales. (AC +2)
Your flesh is heat resistant. (rF+)
You are partially covered in sharp spines.
You are immune to clouds of flame.


Message History

The orc wizard points at you and mumbles some strange words.
The magic dart hits you!
The orc wizard points at you and mumbles some strange words.
The magic dart hits you!
* * * LOW HITPOINT WARNING * * *
The water moccasin skeleton bites you.
* * * LOW HITPOINT WARNING * * *
You miss the orc wizard.
The orc wizard is almost dead.
You feel sick.
The orc wizard miscasts a cantrip.
The water moccasin skeleton bites you.
* * * LOW HITPOINT WARNING * * *
Unknown command.
Unknown command.
You hit the orc wizard but do no damage.
The orc wizard is almost dead.
The orc wizard gestures at you while chanting.
The puff of frost hits you!
You die...

#........# #......(.#........
#...##...#.......
#...##...#......#
#........#......+
#........#..o...#..#
#........#......#..#
#........#.o.Z..#..#
#........#.)@.).#..#
#...##...#......#..###+#
#...##...#......#...#..#
#........#......#...#..#
#........#......#..##..#
#........#......#..##..######
#........#......#..##..#.....
#........#......#..#...#.....
#........#......#..'...##....


You could see 2 orc wizards and a water moccasin skeleton.

Vanquished Creatures
  Grinder (D:4)
  Eustachio (D:3)
  An ice beast (D:5)
  A necrophage (D:5)
  An ogre (D:5)
  2 centaurs
  Blork the orc (D:4)
  A crimson imp (D:4)
  2 giant frog skeletons (D:4)
  A hound (D:4)
  Natasha (thrice) (D:3)
  3 worker ants
  An iguana (D:5)
  6 gnolls
  11 adders
  A shadow imp (D:5)
  A worm (D:3)
  2 dart slugs
  4 giant geckos
  3 orcs
  9 ball pythons
  5 bats
  4 giant cockroaches
  6 goblins
  8 hobgoblins
  10 jackals
  12 kobolds
  2 quokkas
  A giant gecko skeleton (D:5)
  4 giant newts
  A quokka skeleton (D:5)
  6 rats
115 creatures vanquished.

Notes
Turn   | Place    | Note
-------+----------+-------------------------------------------
     0 | D:1      | Gruud the Demonspawn Gladiator began the quest for the Orb.
     0 | D:1      | Reached XP level 1. HP: 16/16 MP: 1/1
    15 | D:1      | Reached skill level 3 in Long Blades
   174 | D:1      | Gained mutation: Your flesh is heat resistant. (rF+) [demonic ancestry]
   174 | D:1      | Reached XP level 2. HP: 12/22 MP: 2/2
   790 | D:1      | Gained mutation: You are immune to clouds of flame. [demonic ancestry]
   790 | D:1      | Reached XP level 3. HP: 26/27 MP: 3/3
   944 | D:2      | Found a blossoming altar of Fedhas.
   968 | D:2      | Reached skill level 4 in Long Blades
  1351 | D:2      | Reached XP level 4. HP: 28/33 MP: 4/4
  1862 | D:2      | Reached skill level 5 in Long Blades
  2013 | D:3      | Found a faded altar of an unknown god.
  2121 | D:3      | Noticed Natasha
  2131 | D:3      | Killed Natasha
  2131 | D:3      | Gained mutation: You are partially covered in icy blue scales. (AC +2) [demonic ancestry]
  2131 | D:3      | Reached XP level 5. HP: 21/38 MP: 5/5
  2204 | D:3      | Found an ancient bone altar of Kikubaaqudgha.
  2204 | D:3      | Found a sacrificial altar of Ru.
  2301 | D:3      | Noticed a centaur
  2309 | D:3      | Killed a centaur
  2309 | D:3      | Reached skill level 6 in Long Blades
  2328 | D:3      | Gained mutation: You are partially covered in sharp spines. [demonic ancestry]
  2328 | D:3      | Reached XP level 6. HP: 17/44 MP: 6/6
  2496 | D:3      | Noticed Natasha
  2503 | D:3      | Killed Natasha
  2694 | D:3      | Noticed Natasha
  2703 | D:3      | Killed Natasha
  2995 | D:4      | Noticed Eustachio
  3126 | D:3      | Killed Eustachio
  3126 | D:3      | Reached skill level 7 in Long Blades
  3126 | D:3      | Gained mutation: You have a pair of small antennae on your head. [demonic ancestry]
  3126 | D:3      | Reached XP level 7. HP: 42/50 MP: 7/7
  3278 | D:4      | Noticed Grinder
  3279 | D:4      | Paralysed by Grinder for 6 turns
  3304 | D:4      | Killed Grinder
  3304 | D:4      | Reached skill level 8 in Long Blades
  3493 | D:4      | Noticed Blork the orc
  3509 | D:4      | Killed Blork the orc
  3669 | D:4      | Found a radiant altar of Vehumet.
  3675 | D:4      | Found Vuleb's Assorted Antiques.
  3686 | D:4      | Bought a twisted leather armour for 175 gold pieces
  3704 | D:4      | Identified the +5 leather armour of Ryiren {Int+6} (You bought it in a shop on level 4 of the Dungeon)
  3945 | D:5      | Entered Level 5 of the Dungeon
  3978 | D:5      | Reached skill level 9 in Long Blades
  3978 | D:5      | Gained mutation: You have a pair of antennae on your head. [demonic ancestry]
  3978 | D:5      | Reached XP level 8. HP: 44/56 MP: 8/8
  4120 | D:5      | Found a runed door.
  4214 | D:5      | Found a shattered altar of Ashenzari.
  4214 | D:5      | Found a glowing golden altar of the Shining One.
  4984 | D:5      | Killed from afar by an orc wizard

Vault maps used:
D:1:      minmay_arrival_five_plusses, serial_forest, infiniplex_forest_clump_C,
          infiniplex_forest_end_1, infiniplex_forest_clump_small,
          infiniplex_forest_lined_4_way, infiniplex_forest_lined_room_2,
          infiniplex_forest_lined_2, infiniplex_forest_end_1
D:2:      fedhas_altar_1, first_bread
D:3:      gammafunk_temple_overflow_elements, ecumenical_altar_1, serial_forest,
          infiniplex_forest_end_1, infiniplex_forest_clump_small,
          infiniplex_forest_clump_small, infiniplex_forest_clump_medium,
          infiniplex_forest_pool, infiniplex_forest_lined_3_way,
          infiniplex_forest_straight_2, uniq_natasha
D:4:      vehumet_crystals, serial_shops, nicolae_shop_overgrown_old_shop,
          uniq_eustachio, uniq_blork_the_orc, uniq_grinder
D:5:      amethyst_overflow_temple_binary, uniq_crazy_yiuf_cottage

Skill      XL: |  1  2  3  4  5  6  7 |
---------------+----------------------+-----
Long Blades    | 3 4 5 6 7 9 |  9.9
Fighting       | |  2.0
Throwing       | |  1.7
Dodging        | |  2.6

Action                   |  1- 3 |  4- 6 |  7- 9 || total
-------------------------+-------+-------+-------++-------
Melee: Long sword        |   128 |   221 |   132 ||   481
Throw: Throwing net      |       |     3 |       ||     3
  Use: Scroll            |     4 |     2 |     4 ||    10
       Potion            |       |     3 |       ||     3
  Eat: Chunk             |     1 |     7 |     5 ||    13
Armor: Leather armour    |     8 |       |    17 ||    25
       Chain mail        |     9 |       |       ||     9
       Plate armour      |    74 |   157 |    28 ||   259
Dodge: Dodged            |    51 |    50 |    37 ||   138
